Cogmind - Beta 13 @@@ ROGUE MODE // 2024.04.04 @ 23:28:51 Player: Ciaphas Result: Destroyed by as-24075 with Assembled Heavy Rifle Performance ------------- Evolutions (0) 0 Regions Visited (4) 800 Robots Destroyed (36) 180 Value Destroyed (702) 702 Prototype IDs (25) 500 Alien Tech Used (0) 0 Bonus (300) 300 TOTAL SCORE: 2482 Bonus ------- Aligned with FarCom 300 Cogmind --------- Core Integrity 0/250 Matter 88/300 Energy 100/100 System Corruption 8% Temperature Cool (0) Movement Walking (90) Location -9/Mines Parts ------- > --- POWER (1) -------- (None) > --- PROPULSION (2) --- Potential Leg Potential Leg > --- UTILITY (2) ------ Large Storage Unit Targeting Computer > --- WEAPON (2) ------- Light Cannon > --- INVENTORY (15) --- Light Treads Light Treads Light Treads Large Battery Medium Matter Pod (1) Structural Scanner Signal Interpreter Improved Terrain Scanner Hacking Suite Hacking Suite Grenade Launcher Datajack Peak State ------------ > --- POWER ------------ Ion Engine > --- PROPULSION ------- Potential Leg Potential Leg > --- UTILITY ---------- Large Storage Unit Light Armor Plating > --- WEAPON ----------- Light Cannon Light Cannon > --- INVENTORY -------- Light Treads Light Treads Light Treads Large Battery Medium Matter Pod Structural Scanner Signal Interpreter Improved Terrain Scanner Targeting Computer Hacking Suite Hacking Suite Grenade Launcher Datajack [Rating: 26] Favorites ----------- Power Ion Engine Engine Ion Engine Propulsion Light Treads Treads Light Treads Leg Potential Leg Wheel Compact Wheel Utility Light Armor Plating Device Improved Terrain Scanner Storage Large Storage Unit Processor Targeting Computer Protection Light Armor Plating Weapon Light Cannon Energy Gun Medium Laser Ballistic Gun Light Assault Rifle Ballistic Cannon Light Cannon Launcher Grenade Launcher Build | -11 -10 -10 -10 -9 ------- Run | Yrd Mat Min Exi Min Slots Evolved . | . . . . . Power . | . . . . . Propulsion . | . . . . . Utility . | . . . . . Weapon . | . . . . . Parts Attached 41 | 6 22 7 2 4 Power 4 | . 3 1 . . Engine 4 | . 3 1 . . Core . | . . . . . Reactor . | . . . . . Propulsion 13 | 4 6 . 2 1 Treads 7 | 3 4 . . . Leg 4 | 1 . . 2 1 Wheel 2 | . 2 . . . Hover . | . . . . . Flight . | . . . . . Utility 5 | 1 3 . . 1 Device 1 | 1 . . . . Storage 2 | . 2 . . . Processor 1 | . . . . 1 Hackware . | . . . . . Protection 1 | . 1 . . . Artifact . | . . . . . Weapon 19 | 1 10 6 . 2 Energy Gun 4 | 1 3 . . . Energy Cannon . | . . . . . Ballistic Gun 3 | . 3 . . . Ballistic Cannon 6 | . 2 3 . 1 Launcher 6 | . 2 3 . 1 Special Weapon . | . . . . . Impact Weapon . | . . . . . Slashing Weapon . | . . . . . Piercing Weapon . | . . . . . Special Melee Weapon . | . . . . . Unidentified Prototypes . | . . . . . Parts Lost 9 | . 6 . . 3 Power 2 | . 1 . . 1 Propulsion 2 | . 2 . . . Utility 1 | . . . . 1 Weapon 4 | . 3 . . 1 Highest Loss Streak 5 | . 5 . . 3 To Critical Strikes . | . . . . . Average Slot Usage (%) 99 | . 99 100 100 85 Engine 13 | . 13 14 14 10 Treads 25 | . 25 28 20 . Leg 1 | . . . 7 28 Wheel 1 | . 2 . . . Device 1 | . 3 . . . Storage 14 | . 14 14 14 14 Protection 12 | . 10 14 14 3 Energy Gun 3 | . 6 . . . Ballistic Gun 3 | . 6 . . . Ballistic Cannon 19 | . 14 27 28 17 Naked Turns . | . . . . . Heaviest Build 34 | 15 34 34 34 34 Greatest Support 60 | 40 40 40 60 60 Greatest Overweight (x) 2 | . 2 1 1 1 Average Overweight (x) . | . . . . . Largest Inventory Capacity 15 | 8 15 15 15 15 Average Capacity 12 | 8 11 15 15 15 Most Carried 13 | 6 11 11 13 13 Average Carried 8 | 2 6 10 11 12 Final Capacity 15 | 8 15 15 15 15 Final Carried 13 | 2 10 11 13 12 Class Distribution -------------------- 100% | Mutant Dominant Class ---------------- Mutant | -10/Materials Mutant | -10/Mines Mutant | -10/Exiles Mutant | -9/Mines Resources | -11 -10 -10 -10 -9 ----------- Run | Yrd Mat Min Exi Min Matter Collected 775 | 260 356 159 . . Remotely . | . . . . . Salvage Created 808 | 120 547 86 . 55 Parts 70 | 4 48 18 . . Haulers Intercepted 2 | . 2 . . . Recyclers Shooed . | . . . . . Parts Field Recycled . | . . . . . Retrieved Matter . | . . . . . Parts Self-Destructed . | . . . . . Prevented . | . . . . . Kills | -11 -10 -10 -10 -9 ------- Run | Yrd Mat Min Exi Min Combat Hostiles Destroyed 34 | . 15 11 . 8 Guns 5 | . 5 . . . Cannons 13 | . 4 5 . 4 AOE 15 | . 5 6 . 4 Classes Destroyed 9 | 2 6 . . 1 Worker 1 | . 1 . . . Tunneler 1 | 1 . . . . Hauler 2 | . 2 . . . Recycler 1 | 1 . . . . Operator 2 | . 2 . . . Watcher 3 | . 3 . . . Swarmer 14 | . 5 9 . . Grunt 12 | . 10 2 . . Assembled 8 | . . . . 8 Best Kill Streak 8 | 1 8 3 . 8 Combat Bots Only 8 | . 7 3 . 8 Max Kills in Single Turn 5 | 1 5 2 . 3 Gunslinging . | . . . . . Exploded 4 | . 4 2 . 3 Melee . | . . . . . Uniques/NPCs Destroyed . | . . . . . Combat | -11 -10 -10 -10 -9 -------- Run | Yrd Mat Min Exi Min Hostile Shots Fired 194 | . 111 37 . 46 Missed 45 | . 27 7 . 11 Damage Taken 1785 | . 943 249 . 593 Core 252 | . 91 34 . 127 Absorbed by Shields . | . . . . . Regen/Repaired (Parts) 49 | . 49 . . . Core Remaining (%) 100 | 100 . . . . Volleys Fired 95 | 5 64 16 . 10 Largest 2 | 2 2 2 . 2 Hottest 100 | 90 100 70 . 65 Shots Fired 173 | 10 124 26 . 13 Gun 107 | 10 97 . . . Cannon 53 | . 25 18 . 10 Launcher 13 | . 2 8 . 3 Special . | . . . . . Kinetic 100 | . 72 18 . 10 Thermal 45 | 5 40 . . . Explosive 13 | . 2 8 . 3 Electromagnetic 15 | 5 10 . . . Robot Hit Streak 14 | 4 10 7 . 14 Robot Miss Streak 3 | 1 2 3 . . Penetration Max . | . . . . . Secondary Targets 1 | . 1 . . . Max Gunslinging Chain 1 | . 1 . . . Shots Hit Robots 122 | 7 91 16 . 8 Core Hits 73 | 3 37 14 . 19 Critical Kills . | . . . . . Critical Parts Destroyed . | . . . . . Critical Strikes 4 | 1 2 1 . . Burn 3 | 1 2 . . . Blast 1 | . . 1 . . Melee Attacks . | . . . . . Impact . | . . . . . Slashing . | . . . . . Piercing . | . . . . . Sneak Attacks . | . . . . . Combat Hostiles . | . . . . . Follow-up Attacks . | . . . . . Damage Inflicted 2404 | 95 1282 612 . 415 Guns 830 | 95 735 . . . Cannons 675 | . 339 216 . 120 Explosions 889 | . 198 396 . 295 Melee . | . . . . . Ramming 10 | . 10 . . . Kinetic 930 | . 594 216 . 120 Thermal 450 | 50 400 . . . Explosive 889 | . 198 396 . 295 Electromagnetic 125 | 45 80 . . . Impact . | . . . . . Slashing . | . . . . . Piercing . | . . . . . Highest Corruption 8 | . 3 3 3 8 Average Corruption 3 | . 2 3 3 4 Corruption Purged . | . . . . . Corruption Blocked . | . . . . . Effects 22 | . 2 12 7 1 Message Errors 4 | . . 1 3 . Matter Fused 5 | . 1 3 1 . Heat Flow Errors 2 | . . 1 1 . Energy Discharges 5 | . . 4 1 . Parts Rejected 1 | . . . . 1 Data Loss (minor) 3 | . 1 2 . . Data Loss (major) 1 | . . . 1 . Misfires 1 | . . 1 . . Overload Shots . | . . . . . Overflow Damage 14 | . 7 4 . 3 Projectiles 14 | . 7 4 . 3 Explosions . | . . . . . Melee . | . . . . . Knockbacks 8 | . 4 2 . 2 Impact . | . . . . . Kinetic 8 | . 4 2 . 2 Secondary . | . . . . . Self-Inflicted Damage 57 | . 38 . . 19 Shots 3 | . 1 . . 2 Rammed 2 | . 2 . . . Targets Rammed 2 | . 2 . . . Kicked . | . . . . . Crushed . | . . . . . Highest Temperature 377 | 90 377 124 235 35 Average Temperature 85 | 36 101 40 124 10 Received Heat Transfer 572 | . 402 30 . 140 Siege Activations . | . . . . . Robots Corrupted . | . . . . . Combat Hostiles . | . . . . . Parts Fried . | . . . . . Impact Corruptions . | . . . . . Robots Melted 1 | . 1 . . . Combat Hostiles 1 | . 1 . . . Parts Melted 8 | . 8 . . . Heat Transferred 1554 | 222 1332 . . . Parts Sabotaged . | . . . . . Parts Stolen . | . . . . . Parts Stripped . | . . . . . Power Chain Reactions . | . . . . . Alert | -11 -10 -10 -10 -9 ------- Run | Yrd Mat Min Exi Min Peak Influence 350 | 10 350 239 . 31 Initial 38 | . 6 38 . . Average 136 | 6 158 111 . 14 Maximum Alert Level 1 | . 1 1 . . Low Security (%) 68 | 100 53 95 . 100 Level 1 31 | . 46 4 . . Level 2 . | . . . . . Level 3 . | . . . . . Level 4 . | . . . . . Level 5 . | . . . . . High Security . | . . . . . Max Security . | . . . . . Squads Dispatched 3 | . 3 . . . Investigation 1 | . 1 . . . Extermination . | . . . . . Reinforcement 2 | . 2 . . . Assault . | . . . . . Garrison . | . . . . . Intercept . | . . . . . Searches Triggered . | . . . . . Construction Impeded . | . . . . . Haulers Reinforced . | . . . . . Active Scanning Responses . | . . . . . Cargo Convoy Interrupts . | . . . . . Stealth | -11 -10 -10 -10 -9 --------- Run | Yrd Mat Min Exi Min Distress Signals 1 | . 1 . . . Communications Jammed . | . . . . . Distress Signals . | . . . . . Times Spotted 48 | . 26 11 . 11 Peak Tracking Total 11 | . 8 3 . 11 Tactical Retreats 2 | . 2 . . . Traps | -11 -10 -10 -10 -9 ------- Run | Yrd Mat Min Exi Min Traps Triggered 3 | . 3 . . . Indirectly . | . . . . . Trap Hack Attempts . | . . . . . Triggered . | . . . . . Disarmed . | . . . . . Reprogrammed . | . . . . . Reused . | . . . . . Traps Extracted . | . . . . . Installed . | . . . . . Triggered 1 | . . . . 1 Machines | -11 -10 -10 -10 -9 ---------- Run | Yrd Mat Min Exi Min Machines Disabled 3 | . 1 1 . 1 Max in Single Turn 1 | . 1 1 . 1 Machines Repaired . | . . . . . Machines Dismantled . | . . . . . Machines Sabotaged . | . . . . . Overloaded Fab Kills . | . . . . . Hacking | -11 -10 -10 -10 -9 --------- Run | Yrd Mat Min Exi Min Machines Accessed 8 | . 5 1 2 . Terminals 5 | . 4 1 . . Fabricators . | . . . . . Repair Stations 1 | . 1 . . . Recycling Units . | . . . . . Scanalyzers . | . . . . . Garrison Access . | . . . . . Total Hacks 22 | . 16 1 5 . Successful 16 | . 10 1 5 . Failed 5 | . 5 . . . Catastrophic . | . . . . . Database Lockouts 1 | . 1 . . . Manual 13 | . 12 . 1 . Terminals 15 | . 14 1 . . Fabricators . | . . . . . Repair Stations 2 | . 2 . . . Recycling Units . | . . . . . Scanalyzers . | . . . . . Garrison Access . | . . . . . Terminal Hacks 12 | . 6 1 5 . Record 4 | . . . 4 . Robot Analysis 1 | . 1 . . . Prototype ID Bank 1 | . 1 . . . Branch Access Points 1 | . 1 . . . Locate Traps 2 | . 2 . . . Zone Layout 2 | . 1 1 . . Derelict Proto ID Bank 1 | . . . 1 . Fabricator Hacks . | . . . . . Repair Station Hacks 2 | . 2 . . . Scan Component 1 | . 1 . . . Repair 1 | . 1 . . . Recycling Unit Hacks . | . . . . . Scanalyzer . | . . . . . Garrison Access Hacks . | . . . . . Unauthorized Hacks 2 | . 2 . . . Terminals 2 | . 2 . . . Botnet 2 | . 2 . . . Fabricators . | . . . . . Repair Stations . | . . . . . Recycling Units . | . . . . . Scanalyzers . | . . . . . Garrison Access . | . . . . . Data Cores Recovered . | . . . . . Used . | . . . . . Hacking Detections 5 | . 5 . . . Full Trace Events . | . . . . . Feedback Events . | . . . . . Feedback Blocked . | . . . . . Robot Schematics Acquired . | . . . . . Robots Built . | . . . . . Authchips . | . . . . . Time . | . . . . . Total Robot Build Rating . | . . . . . Part Schematics Acquired . | . . . . . Parts Built . | . . . . . Authchips . | . . . . . Time . | . . . . . Total Part Build Rating . | . . . . . Parts Repaired 1 | . 1 . . . Time 26 | . 26 . . . Parts Recycled . | . . . . . Recycled Matter . | . . . . . Retrieved Matter . | . . . . . Retrieved Components . | . . . . . Parts Scanalyzed . | . . . . . Part Schematics Acquired . | . . . . . Parts Damaged . | . . . . . Bothacking | -11 -10 -10 -10 -9 ------------ Run | Yrd Mat Min Exi Min Used RIF Installer . | . . . . . Robots Hacked . | . . . . . Non-combat . | . . . . . Combat . | . . . . . Robot Hacks Applied . | . . . . . Relay Couplers Released . | . . . . . Fabnet Peak Effective % . | . . . . . Robots Rewired . | . . . . . Allies Hacked . | . . . . . Hacks Repelled . | . . . . . Allies | -11 -10 -10 -10 -9 -------- Run | Yrd Mat Min Exi Min Total Allies . | . . . . . Largest Group . | . . . . . Highest-Rated Group . | . . . . . Highest-Rated Ally . | . . . . . Total Orders . | . . . . . Ally Attacks . | . . . . . Total Damage . | . . . . . Kills . | . . . . . Allies Corrupted . | . . . . . Allies Melted . | . . . . . Intel | -11 -10 -10 -10 -9 ------- Run | Yrd Mat Min Exi Min Robot Analysis Total 1 | . 1 . . . Derelict Logs Recovered 2 | . . 2 . . Drone Launches . | . . . . . Drone Recoveries . | . . . . . Exploration | -11 -10 -10 -10 -9 ------------- Run | Yrd Mat Min Exi Min Turns Passed 2462 | 70 1380 638 335 39 Spaces Moved 1232 | 28 638 308 248 10 Core . | . . . . . Treads 1006 | 27 518 308 153 . Legs 106 | 1 . . 95 10 Wheels 120 | . 120 . . . Hover . | . . . . . Flight . | . . . . . Fastest Speed 90 | 120 100 160 90 90 Average Speed 169 | 158 174 189 133 106 Slowest Speed 240 | 160 240 240 170 170 Overloaded Moves . | . . . . . Propulsion Burnouts . | . . . . . Robots Hopped . | . . . . . Cave-ins Triggered . | . . . . . Exploration Rate (%) 49 | 4 94 79 61 8 Regions Visited 4 Branch Regions 3 Pre-discovered Areas 1 | . . . 1 . Known Exits Taken 2 | . 1 . 1 . Unknown Exits Taken 2 | 1 . 1 . . Scrap Searched 2 | . . 2 . . Spaces Dug . | . . . . . Terrain Destroyed 90 | . 19 53 . 18 Melee . | . . . . . Projectile . | . . . . . AOE 90 | . 19 53 . 18 Terrain Rammed . | . . . . . Walls Destroyed . | . . . . . Machines Disabled . | . . . . . Actions | -11 -10 -10 -10 -9 --------- Run | Yrd Mat Min Exi Min Total 1441 | 45 786 335 251 24 Wait 42 | . 41 1 . . Move 1228 | 27 637 307 247 10 Hop . | . . . . . Pick Up 10 | . 8 2 . . Fast Attach 13 | 2 8 . 2 1 Attach 7 | 1 5 . . 1 Detach 10 | 2 6 . 2 . Swap 21 | 3 9 7 . 2 Drop 13 | 5 6 2 . . Fire 95 | 5 64 16 . 10 Melee . | . . . . . Ram . | . . . . . Kick . | . . . . . Crush 2 | . 2 . . . Escape Stasis . | . . . . . Rewire . | . . . . . Trap . | . . . . . Miscellaneous . | . . . . . Route ------- -11/Scrapyard -10/Materials (discovered 4 exits: [*Mat x3] / *Min) -10/Mines (discovered 2 exits: [*Mat] / *Exi) -10/Exiles (discovered 2 exits: *Min x2) -9/Mines History --------- Turn | Location | Event 10 | -11/Scrapyard | Discovered new exit (range 3) 71 | -11/Scrapyard | Entered Materials 115 | -10/Materials | Discovered new exit (range 15) 314 | -10/Materials | Build established: Mutant 334 | -10/Materials | Discovered new exit (range 10) 426 | -10/Materials | Lost 5 parts (1p1n3w) 428 | -10/Materials | Destroyed 7 combat bots 753 | -10/Materials | Repaired Ion Engine 761 | -10/Materials | Discovered new exit (range 12) 846 | -10/Materials | Discovered new exit (range 15) 1114 | -10/Materials | Central database locked down 1182 | -10/Materials | Identified exit to Mines 1451 | -10/Materials | Entered Mines 1558 | -10/Mines | YI-UF0 nonchalantly dropped a Grenade Launcher on the ground 1579 | -10/Mines | Learned 2 Materials zone layouts 1951 | -10/Mines | Discovered new exit (range 15) 2049 | -10/Mines | Discovered new exit (range 13) 2082 | -10/Mines | Deemed a non-threat by the Exiles lab entrance 2089 | -10/Mines | Entered Exiles 2090 | -10/Exiles | Identified exit to Mines 2128 | -10/Exiles | Met 8R-AWN 2155 | -10/Exiles | Met EX-HEX 2225 | -10/Exiles | Met EX-DEC 2233 | -10/Exiles | Learned location of Zion (-7) 2261 | -10/Exiles | Met EX-BIN 2283 | -10/Exiles | Aligned with FarCom system 2285 | -10/Exiles | Given EX-Vault access code 2321 | -10/Exiles | Opened EX-Vault 2335 | -10/Exiles | Found Potential Leg 2338 | -10/Exiles | Found Potential Leg 2358 | -10/Exiles | Warned to stay clear of 0b10 Research branches 2369 | -10/Exiles | Exiles lab attacked by MAIN.C 2424 | -10/Exiles | Left Exiles lab with Potential Leg 2424 | -10/Exiles | Entered Mines 2425 | -9/Mines | Assembled infested the area 2441 | -9/Mines | Core integrity fell below 50% 2448 | -9/Mines | Core integrity fell below 20% 2463 | -9/Mines | Destroyed by as-24075 with Assembled Heavy Rifle Last Messages --------------- 02436_ Matter Pump disabled. 02436_ as-65654 destroyed. 02439_ as-83201 destroyed. 02439_ as-83842 destroyed. 02439_ as-51718 destroyed. 02440_ DK-RAY: "Oh no, it's like what happened to the Exiles when they were wandering homeless, only there's no Warlord to save us!" 02444_ System corrupted: Potential Leg rejected. 02446_ as-59927 destroyed. 02448_ Acquired Potential Leg. 02449_ Lgt. Cannon destroyed. 02450_ Destroyed Asb. Hover Unit. 02452_ as-27108 destroyed. 02453_ Ion Engine destroyed. 02453_ System corrupted by crushing effect (+5). 02454_ as-28225 knocked back. 02456_ as-28225 destroyed. 02458_ as-44327 destroyed. 02460_ as-00079 destroyed. 02462_ as-24075 knocked back. Map ----- +----------------------------------------------------+ | ?????????????????????????????????????????????????? | | ?????????????????????????????????????????????????? | | ?????????????????????????????????????????????????? | | ?????????????????????????????????????????????????? | | ?????????????????????????????????????????????????? | | ?????????????????????????????????????????????????? | | ?????????????????????????????????????????????????? | | ?????????????????????????????????????????????????? | | ?????????????????????????????????????????????????? | | ?????????????????????????????????????????????????? | | ?????????????????????????????????????????????????? | | ????????????????????? ???????????????????????????? | | ??????????????????## #??????????????????????????? | | ??????????????????# #?????????????????????????? | | ??????????????????# ?????????????????????????? | | ??????????????????? ?????????????????????????? | | ???????????????????# ?????????????????????????? | | ???????????????????# ??##?????????????????????? | | ??????????????????## ## #?????????????????????? | | ??????????????<#### #?????????????????????? | | ??????????????? "" a #?????????????????????? | | ????????????????? "" ##????????????????????? | | ??????????????????? "" a ?????????????????????? | | ?????????????????????% %% %#?????????????????????? | | ??????????????????????? % %#?????????????????????? | | ????????????????????????#@#??????????????????????? | | ????????????????????????# #??????????????????????? | | ????????????????????????# #??????????????????????? | | ????????????????????????# #??????????????????????? | | ?????????????????????#### ####???????????????????? | | ?????????????????##### #???????????????????? | | ?????????????????# #???????????????????? | | ?????????????????# #???????????????????? | | ?????????????????# #???????????????????? | | ?????????????????##### #???????????????????? | | ?????????????????????# #???????????????????? | | ?????????????????????# #???????????????????? | | ?????????????????????###### ##???????????????????? | | ??????????????????????????? #????????????????????? | | ??????????????????????????? #????????????????????? | | ??????????????????????????? ????????????????????? | | ???????????????????????????##????????????????????? | | ?????????????????????????????????????????????????? | | ?????????????????????????????????????????????????? | | ?????????????????????????????????????????????????? | | ?????????????????????????????????????????????????? | | ?????????????????????????????????????????????????? | | ?????????????????????????????????????????????????? | | ?????????????????????????????????????????????????? | | ?????????????????????????????????????????????????? | +----------------------------------------------------+ Best States ------------- Heat Dissipation 25 Energy Generation 10 Energy Capacity 250 Matter Stores 300 Matter Capacity 300 Sight Range 16 Terrain Scan Range 16 Terrain Scan Density 10 Armor Coverage 150 Evasion (%) 57 Targeting Accuracy 5 Recoil Reduction 2 Item Schematics ----------------- None Robot Schematics ------------------ None Fabricated ------------ Nothing Alien Tech Used ----------------- None Achievements -------------- None Challenges ------------ None Game ------ Seed ExperimentalBeamShielding Manual? 0 Play Time 00:21:00 Cumulative 14.4 hours Start 2024.04.04 @ 23:08:59 End 2024.04.04 @ 23:28:51 Sessions 1 Manual Loads 0 Difficulty Rogue Special Mode None Game No. 23 Rogue 23 Adventurer 0 Explorer 0 Win Type - Total 0 Types 0/0/0/0/0/0/0/0/0 Lore% 21 Gallery% 18 Achievement% 26 Wizard Run 0 Options --------- Layout 0 ASCII 0 Keyboard 0 Movement Mouse Keybinds 0 Fullscreen 2 Font 24/Proggy Map View 76x50 Zoom Use 0% Tactical HUD 1 Map Filters NONE Filters NONE Steam 1 RUN: 5722c931-ccce-4d43-b5be-764f3f772fee